 Dungeon Crawl Stone Soup version 0.23.1 (webtiles) character file.

Game seed: 0

11537 1994 the Carver (level 12, -3/91 HPs)
             Began as a Human Venom Mage on Mar 12, 2019.
             Was a High Priest of Okawaru.
             Killed by divine providence
             ... invoked by an orc priest
              (11 damage)
             ... on level 11 of the Dungeon.
             The game lasted 01:08:23 (17039 turns).

1994 the Carver (Human Venom Mage)                 Turns: 17039, Time: 01:08:24

Health: -3/91      AC:  8    Str: 11    XL:     12   Next: 9%
Magic:  0/20       EV: 15    Int: 18    God:    Okawaru [*****.]
Gold:   370        SH:  5    Dex: 16    Spells: 5/22 levels left

rFire    . . .     SeeInvis .   D - +0 long sword
rCold    . . .     Gourm    .   k - +0 buckler
rNeg     . . .     Faith    .   x - +0 ring mail
rPois    .         Spirit   .   p - +0 helmet
rElec    .         Reflect  .   (no cloak)
rCorr    .         Harm     .   j - +0 pair of gloves
MR       .....                  m - +0 pair of boots
Stlth    +.........             (no amulet)
HPRegen  0.25/turn              s - ring of wizardry
MPRegen  0.17/turn              J - +2 ring of strength

@: no status effects
A: no striking features
a: Heroism, Finesse, Renounce Religion


You were on level 11 of the Dungeon.
You worshipped Okawaru.
Okawaru was extremely pleased with you.
You were hungry.

You visited 3 branches of the dungeon, and saw 13 of its levels.

You collected 415 gold pieces.
You spent 45 gold pieces at shops.

Inventory:

Hand Weapons
 D - a +0 long sword (weapon)
Armour
 j - a +0 pair of gloves (worn)
 k - a +0 buckler (worn)
 m - a +0 pair of boots (worn)
 p - a +0 helmet (worn)
 x - a +0 ring mail (worn)
 G - a +2 ring mail of magic resistance
 K - a +0 leather armour of positive energy
Jewellery
 s - a ring of wizardry (left hand)
 w - an uncursed ring of positive energy
 F - an uncursed ring of fire
 J - a +2 ring of strength (right hand)
 M - an uncursed amulet of magic regeneration {unknown}
Wands
 a - a wand of flame (13)
 y - a wand of iceblast (8)
 B - a wand of paralysis (8)
 H - a wand of clouds (6)
Scrolls
 d - 5 scrolls of remove curse
 g - a scroll of enchant armour {unknown}
 h - a scroll of immolation {unknown}
 l - 4 scrolls of teleportation {unknown}
 n - 4 scrolls of amnesia
 o - a scroll of blinking {unknown}
 q - 2 scrolls of enchant weapon
 r - 4 scrolls of magic mapping {unknown}
 t - 2 scrolls of fear {unknown}
 I - a scroll of holy word {unknown}
Potions
 b - 3 potions of agility
 e - a potion of might {unknown}
 f - 3 potions of mutation
 i - a potion of ambrosia {unknown}
 u - a potion of resistance {unknown}
 v - 2 potions of curing
 z - 4 potions of heal wounds
 A - 2 potions of lignification {unknown}
 C - a potion of invisibility {unknown}
 E - a potion of haste {unknown}
Comestibles
 c - 16 rations
 L - 5 chunks of flesh


   Skills:
 + Level 7.6 Fighting
 * Level 8.3 Long Blades
 + Level 7.6 Dodging
 - Level 2.0 Stealth
 - Level 4.0 Shields
 + Level 5.5 Spellcasting
 + Level 5.2 Conjurations
 - Level 2.0 Translocations
 + Level 5.3 Air Magic
 + Level 6.3 Poison Magic
 - Level 4.0 Invocations


You had 5 spell levels left.
You knew the following spells:

 Your Spells              Type           Power        Failure   Level  Hunger
a - Sting                 Conj/Pois      ####         1%          1    None
b - Poisonous Vapours     Pois/Air       ####..       1%          2    #......
c - Mephitic Cloud        Conj/Pois/Air  ####....     3%          3    ##.....
d - Olgreb's Toxic Radia  Pois           ####....     9%          4    ####...
e - Blink                 Tloc           N/A          9%          2    #......
f - Venom Bolt            Conj/Pois      ####......   30%         5    ######.

Your spell library contained the following spells:

 Spells                   Type           Power        Failure   Level  Hunger
 Magic Dart               Conj           ###.         1%          1    None
 Corona                   Hex            #......      12%         1    None
 Conjure Flame            Conj/Fire      ##......     12%         3    ##.....
 Call Imp                 Summ           #.......     19%         2    #......
 Slow                     Hex            #.......     19%         2    #......
 Portal Projectile        Hex/Tloc       #.....       24%         3    ##.....
 Inner Flame              Hex/Fire       #.......     34%         3    ##.....
 Cause Fear               Hex            #.........   73%         4    ####...
 Leda's Liquefaction      Hex/Erth       #.........   73%         4    ####...


Dungeon Overview and Level Annotations

Branches:
Dungeon (11/15)            Temple (1/1) D:7            Lair (1/6) D:9
    Orc: D:9-12

Altars:
Ashenzari
Cheibriados
Dithmenos
Elyvilon
Fedhas
Gozag
Hepliaklqana
Kikubaaqudgha
Makhleb
Nemelex Xobeh
Okawaru
Qazlal
Ru
Sif Muna
Trog
Uskayaw
Vehumet
Wu Jian
Xom
Yredelemnul
Zin
The Shining One

Shops:
D:5 %   D:7 *   D:9 =

Annotations:
D:4 Grinder
D:9 3 runed translucent doors, Zaque's ghost, journeyman TrHu; barcode's ghost, novice OpTm
Lair:1 Gastronok


Message History

Unknown command.
Unknown command.
Casting: Poisonous Vapours (safe; 1% risk of failure)
Confirm with . or Enter, or press ? or * to list all spells.
Aiming: Poisonous Vapours (safe; 1% risk of failure)
Press: ? - help, Dir - move target cursor, f/p - purple ugly thing
Aim: a purple ugly thing (poison gas, heavily wounded, poisoned)
The poisonous vapours increase!
The purple ugly thing is engulfed in poison gas.
The purple ugly thing looks as sick as possible!
The purple ugly thing stings you!!
* * * LOW HITPOINT WARNING * * *
The orc priest invokes the aid of Beogh against you.
Beogh smites you!
* * * LOW HITPOINT WARNING * * *
Unknown command.
The purple ugly thing looks as sick as possible!
The orc priest mumbles some strange prayers to Beogh against you.
Beogh smites you!
You die...

###.# .$#.#
#.#.# #.#.#
####.#.########
#..............
####.#†########
#.#.# #.#@#
..#u#
###°#######
#.o..>....
#..####### #.)#
#.......#
#..##.).# #
#...#


You could see a purple ugly thing and an orc priest.

Vanquished Creatures
  Erolcha (D:9)
  4 two-headed ogres
  A centaur zombie (D:11)
  A troll (D:9)
  A spriggan (D:8)
  9 yaks
  Grum (D:10)
  A steam dragon (D:8)
  A hungry ghost (D:9)
  2 vampire mosquitoes (D:10)
  A soldier ant (D:11)
  2 water moccasins
  4 ice beasts
  A sky beast (D:7)
  2 black bears
  An eye of draining (D:9)
  A necrophage (D:8)
  5 orc warriors
  An ogre (D:9)
  2 phantoms
  4 wolves (D:10)
  3 centaurs
  2 big kobolds
  4 bullfrogs
  A scorpion (D:8)
  16 killer bees
  7 howler monkeys
  A crimson imp (D:7)
  2 jellies
  2 centaur skeletons
  2 quasits (D:9)
  2 bullfrog zombies
  8 orc priests
  A bullfrog skeleton (D:11)
  5 hounds
  A gnoll shaman (D:5)
  4 iguanas
  13 orc wizards
  9 worker ants
  A hound skeleton (D:4)
  Robin (D:1)
  13 adders
  8 gnolls
  2 shadow imps
  An ooze (D:2)
  2 adder skeletons
  4 dart slugs
  5 leopard geckos
  34 orcs
  4 ball pythons
  9 giant cockroaches
  23 goblins
  12 hobgoblins
  4 jackals (D:4)
  4 quokkas
  13 bats
  7 frilled lizards
  2 jackal zombies
  13 kobolds
  A leopard gecko skeleton (D:4)
  2 leopard gecko zombies
  A quokka skeleton (D:7)
  7 rats
302 creatures vanquished.

Vanquished Creatures (others)
  A quokka (D:11)
1 creature vanquished.

Grand Total: 303 creatures vanquished

Notes
Turn   | Place    | Note
-------+----------+-------------------------------------------
     0 | D:1      | 1994 the Human Venom Mage began the quest for the Orb.
     0 | D:1      | Reached XP level 1. HP: 13/13 MP: 3/3
   181 | D:1      | Reached XP level 2. HP: 20/20 MP: 1/5
   305 | D:1      | Learned a level 2 spell: Poisonous Vapours
   409 | D:1      | Reached skill level 1 in Fighting
   573 | D:1      | Reached XP level 3. HP: 26/26 MP: 4/6
  1344 | D:1      | Learned a level 3 spell: Mephitic Cloud
  1405 | D:2      | Found a faded altar of an unknown god.
  1432 | D:2      | Noticed Robin
  1440 | D:2      | Reached XP level 4. HP: 32/32 MP: 0/7
  1576 | D:1      | Killed Robin
  1821 | D:2      | Reached skill level 1 in Air Magic
  2514 | D:3      | Reached XP level 5. HP: 38/38 MP: 6/8
  2994 | D:3      | Reached XP level 6. HP: 44/46 MP: 0/10
  3079 | D:3      | Learned a level 4 spell: Olgreb's Toxic Radiance
  4399 | D:4      | Reached XP level 7. HP: 52/52 MP: 5/11
  4462 | D:4      | Noticed Grinder
  4477 | D:4      | Paralysed by Grinder for 7 turns
  4689 | D:4      | Learned a level 2 spell: Blink
  5278 | D:5      | Entered Level 5 of the Dungeon
  5360 | D:5      | Found a sacrificial altar of Ru.
  5714 | D:5      | Reached XP level 8. HP: 60/60 MP: 3/13
  6024 | D:5      | Found Momoh's Food Shoppe.
  7866 | D:6      | Reached skill level 5 in Fighting
  7866 | D:6      | Reached skill level 5 in Dodging
  8618 | D:7      | Reached skill level 1 in Long Blades
  8618 | D:7      | Reached skill level 1 in Shields
  8618 | D:7      | Reached XP level 9. HP: 56/68 MP: 5/14
  8837 | D:7      | Reached skill level 2 in Long Blades
  8989 | D:7      | Reached skill level 3 in Long Blades
  9291 | D:7      | Reached skill level 4 in Long Blades
  9508 | D:7      | Found Rerghewn's Assorted Antiques.
  9517 | D:7      | Bought a murky silvery potion for 21 gold pieces
  9517 | D:7      | Bought a scroll labeled XUCUON RELEECROOL for 24 gold
                  | pieces
  9534 | D:7      | Found a radiant altar of Vehumet.
  9635 | D:7      | Found a staircase to the Ecumenical Temple.
  9640 | Temple   | Entered the Ecumenical Temple
  9921 | Temple   | Became a worshipper of Warmaster Okawaru
 10183 | D:7      | Reached skill level 5 in Long Blades
 10461 | D:8      | Reached * piety under Okawaru
 10704 | D:8      | Reached skill level 1 in Invocations
 10704 | D:8      | Reached XP level 10. HP: 6/74 MP: 1/16
 10745 | D:8      | Noticed a two-headed ogre
 11257 | D:8      | Noticed a two-headed ogre
 11260 | D:8      | Noticed a two-headed ogre
 11266 | D:7      | Reached skill level 1 in Translocations
 11648 | D:7      | Killed a two-headed ogre
 11648 | D:7      | Reached ** piety under Okawaru
 11648 | D:7      | Reached skill level 6 in Long Blades
 11648 | D:7      | Reached skill level 5 in Poison Magic
 11932 | D:7      | Killed a two-headed ogre
 11932 | D:7      | Reached *** piety under Okawaru
 12568 | D:8      | Found a glowing silver altar of Zin.
 12978 | D:9      | Found a shimmering altar of Xom.
 13021 | D:9      | Found a runed translucent gate.
 13021 | D:9      | Found a runed translucent gate.
 13022 | D:9      | Found a runed translucent gate.
 13023 | D:9      | Noticed Zaque's ghost (journeyman TrHu)
 13023 | D:9      | Noticed barcode's ghost (novice OpTm)
 13077 | D:9      | Noticed a two-headed ogre
 13288 | D:8      | Killed a two-headed ogre
 13288 | D:8      | Reached XP level 11. HP: 43/83 MP: 3/18
 13493 | D:8      | Killed a two-headed ogre
 13493 | D:8      | Reached **** piety under Okawaru
 13493 | D:8      | Reached skill level 7 in Long Blades
 13784 | D:9      | Noticed Erolcha
 13804 | D:9      | Reached skill level 5 in Conjurations
 13815 | D:9      | Killed Erolcha
 14057 | D:9      | Found Dipust's Jewellery Shoppe.
 14231 | D:9      | Found a staircase to the Lair.
 14259 | D:9      | Reached skill level 5 in Spellcasting
 14748 | Lair:1   | Entered Level 1 of the Lair of Beasts
 14819 | Lair:1   | Reached ***** piety under Okawaru
 15016 | Lair:1   | Noticed Gastronok
 15177 | D:10     | Entered Level 10 of the Dungeon
 15344 | D:10     | Noticed Grum
 15355 | D:10     | Killed Grum
 15683 | D:10     | Reached skill level 5 in Air Magic
 15703 | D:10     | Reached skill level 8 in Long Blades
 15819 | D:10     | Learned a level 5 spell: Venom Bolt
 16651 | D:11     | Reached XP level 12. HP: 56/91 MP: 20/20
 17039 | D:11     | Killed from afar by an orc priest

Skill      XL: |  1  2  3  4  5  6  7  8  9 10 11 |
---------------+----------------------------------+-----
Fighting       | 1 2 3 4 5 6 7 |  7.6
Air Magic      | 1 2 3 4 5 |  5.3
Conjurations   | 2 3 4 5 |  5.2
Dodging        | 3 4 5 6 7 |  7.6
Spellcasting   | 3 4 5 |  5.5
Poison Magic   | 4 5 6 |  6.3
Long Blades    | 1 5 6 8 |  8.3
Shields        | 1 4 |  4.0
Invocations    | 1 3 4 |  4.0
Translocations | 2 |  2.0
Stealth        | |  2.0

Action                   |  1- 3 |  4- 6 |  7- 9 | 10-12 || total
-------------------------+-------+-------+-------+-------++-------
Melee: Unarmed           |     5 |       |       |       ||     5
       Club              |     9 |       |       |       ||     9
       Dagger            |     8 |     3 |       |       ||    11
       Mace              |       |    73 |    14 |       ||    87
       Whip              |       |    19 |   132 |       ||   151
       Long sword        |       |       |    71 |   370 ||   441
 Cast: Sting             |    57 |    67 |    54 |    55 ||   233
       Poisonous Vapours |     2 |    18 |    76 |   102 ||   198
       Olgreb's Toxic Ra |       |     1 |     8 |    15 ||    24
       Blink             |       |       |     1 |     2 ||     3
       Mephitic Cloud    |       |       |       |    20 ||    20
       Venom Bolt        |       |       |       |     1 ||     1
Invok: Heroism           |       |       |       |     1 ||     1
  Use: Scroll            |       |       |     8 |       ||     8
 Stab: Sleeping          |     1 |     5 |       |     2 ||     8
       Paralysed         |       |       |     1 |       ||     1
       Confused          |       |       |       |     4 ||     4
  Eat: Chunk             |     3 |    11 |    22 |    18 ||    54
       Ration            |       |       |     1 |     3 ||     4
Armor: Leather armour    |     5 |    45 |    68 |    86 ||   204
Dodge: Dodged            |    30 |    76 |   217 |   318 ||   641
Block: Buckler           |       |       |     7 |    97 ||   104
       Rpst.: Long sword |       |       |    25 |    75 ||   100
